 Dungeon Crawl Stone Soup version 0.31.0-10-gcf4a605ca0 (webtiles) character file.

Game seed: 18065298334357872929

72 booth the Chopper (level 4, -2/37 HPs)
             Began as a Demonspawn Monk on Jan 25, 2024.
             Slain by a gnoll
             ... wielding a +0 club
              (7 damage)
             ... on level 3 of the Dungeon.
             The game lasted 00:07:45 (1710 turns).

booth the Chopper (Demonspawn Monk)                 Turns: 1710, Time: 00:07:46

Health: -2/37      AC:  3    Str: 11 (13) XL:     4   Next: 7%
Magic:  4/4        EV: 12    Int:  9 (10) God:
Gold:   106        SH:  0    Dex: 15 (16) Spells: 3/3 levels left

rFire   . . .        a - +0 hand axe
rCold   . . .        d - orb {light}
rNeg    . . .        f - +0 leather armour
rPois   .            (helmet restricted)
rElec   .            (no cloak)
rCorr   .            (no gloves)
SInv    .            (no boots)
Will    .....        (no amulet)
Stlth   +            (no ring)
HPRegen 0.26/turn    (no ring)
MPRegen 0.09/turn

%: no passive effects
@: lethally poisoned (-2 -> -5), about to teleport, glowing
A: antennae 1, ignite blood 1, demonic touch 1
a: no special abilities


You were on level 3 of the Dungeon.
You visited 1 branch of the dungeon, and saw 3 of its levels.

You collected 106 gold pieces.

Inventory:

Hand Weapons
 a - a +0 hand axe (weapon)
 j - the +5 war axe of the Shrike {freeze, *Corrode rF++ SInv}
   (You found it on level 2 of the Dungeon)

   rF++:      It greatly protects you from fire.
   SInv:      It lets you see invisible.
   *Corrode:  It may corrode you when you take damage.
 l - a +1 mace
Missiles
 c - 2 boomerangs (quivered)
Armour
 d - an orb of light (worn)
 f - a +0 leather armour (worn)
Jewellery
 h - a ring of protection from fire
 k - a ring of positive energy
Scrolls
 b - a scroll of enchant weapon
 g - a scroll of fog {unknown}
 i - a scroll of teleportation


   Skills:
 + Level 3.7 Fighting
 * Level 3.9 Axes
 - Level 2.9 Dodging


You had 3 spell levels left.
You didn't know any spells.
Your spell library contained the following spells:

 Spells                   Type           Power      Damage    Failure   Level
 Necrotise                Necr           0%         1d4       47%         1
 Vampiric Draining        Necr           0%         2d6       85%         3
 Animate Armour           Summ/Erth      0%         N/A       99%         4
 Martyr's Knell           Necr/Summ      0%         N/A       99%         4
 Summon Lightning Spire   Summ/Air       0%         N/A       99%         4
 Curse of Agony           Necr           0%         N/A       100%        5
 Lee's Rapid Deconstruct  Erth           0%         3d4*      100%        5


Dungeon Overview and Level Annotations

Branches:
Dungeon (3/15)

Altars:


Innate Abilities, Weirdness & Mutations

You have a pair of small antennae on your head.
Your demonic aura sometimes causes spilled blood to erupt in flames.
Your touch may inflict minor irresistible damage on your foes.


Message History

You now have 106 gold pieces (gained 8).
Found a potion of heal wounds.
A kobold comes into view.
It is wielding a +0 sling and quivering poisoned darts.
The kobold shouts!
You hear a shout!
The kobold throws a poisoned dart.
The poisoned dart hits you!
You are poisoned.
You feel very sick.
The kobold throws a poisoned dart.
The poisoned dart hits you!
You are more poisoned.
You feel very sick.
A gnoll comes into view. It is wielding a +0 whip.
Found 5 stones.
You feel very sick.
The gnoll shouts!
The kobold shoots a sling bullet.
The sling bullet hits you but does no damage.
You feel very sick.
A gnoll comes into view. It is wielding a +0 club.
The kobold shoots a sling bullet.
The sling bullet hits you.
The gnoll shouts!
Found a sling.
You feel sick.
A gnoll comes into view. It is wielding a +0 spear.
The kobold unwields a +0 sling.
The kobold wields a +0 club.
The kobold barely misses you.
The gnoll shouts!
You hit the kobold.
You kill the kobold!
You feel sick.
You hit the gnoll.
The gnoll is lightly wounded.
You feel sick. The gnoll misses you.
You hit the gnoll but do no damage.
The gnoll is lightly wounded.
You feel sick. The gnoll hits you with a +0 whip.
The gnoll hits you with a +0 whip!
* * * LOW HITPOINT WARNING * * *
You aren't carrying any potions.
As you read the scroll of teleportation, it crumbles to dust.
You feel strangely unstable.
You feel sick. The gnoll hits you with a +0 club!
You die...

#####...) #........
#........
####........
#......(..# #!##...g#
###.##.g..#
####.....@g..#
#....##.#....#
##.#####.#####.##.###
.........####..# .#
.......#......###.#
..##....#.#.......#
##.#...#♣P.~♣.$.#
#.#....♣P~♣♣ #...
....##♣♣♣.♣♣ ##


You could see 3 gnolls.

Vanquished Creatures
  Terence (D:3)
  A dart slug (D:2)
  5 orcs (D:3)
  8 ball pythons
  3 bats
  An endoplasm (D:1)
  4 goblins
  2 hobgoblins
  2 quokkas (D:1)
  6 frilled lizards
  4 kobolds
  2 rats (D:1)
39 creatures vanquished.

Notes
Turn   | Place    | Note
-------+----------+-------------------------------------------
     0 | D:1      | booth the Demonspawn Monk began the quest for the Orb.
     0 | D:1      | Reached XP level 1. HP: 18/18 MP: 1/1
   285 | D:1      | Gained mutation: Your demonic aura sometimes causes spilled
                  | blood to erupt in flames. [demonic ancestry]
   285 | D:1      | Reached XP level 2. HP: 21/24 MP: 2/2
   969 | D:2      | Discovered your monstrous ancestry.
   969 | D:2      | Gained mutation: You have a pair of small antennae on your
                  | head. [demonic ancestry]
   969 | D:2      | Reached XP level 3. HP: 29/29 MP: 3/3
  1104 | D:2      | Identified the +5 war axe of the Shrike {freeze, *Corrode
                  | rF++ SInv}
  1141 | D:2      | Identified the +7 rapier of Noutadap {heavy, +Blink Fly
                  | Int-2 Dex+8}
  1587 | D:3      | Noticed Terence
  1604 | D:3      | Killed Terence
  1619 | D:3      | Gained mutation: Your touch may inflict minor irresistible
                  | damage on your foes. [demonic ancestry]
  1619 | D:3      | Reached XP level 4. HP: 13/37 MP: 4/4
  1710 | D:3      | Slain by a gnoll

Illustrated notes

Levels and vault maps discovered:
D:1:      sevenhm_arrival_forest_fort_small_5, layout_loops_ring
D:2:      layout_loops_ring, lightli_corner_chamber
D:3:      layout_rooms, serial_bayou_crossing, uniq_terence

Skill      XL: |  1  2 |
---------------+-------+-----
Axes           | 3 |  3.9
Fighting       | |  3.7
Dodging        | |  2.9

Action                     |  1- 3 |  4- 6 || total
---------------------------+-------+-------++-------
  Melee: Hand axe          |   105 |    11 ||   116
    Use: Scroll            |     4 |     1 ||     5
         Potion            |     2 |     1 ||     3
 Armour: Robe              |     8 |       ||     8
         Leather armour    |    47 |    11 ||    58
  Dodge: Dodged            |    60 |    12 ||    72
